 Dungeon Crawl Stone Soup version 0.20.1-1-g8b1a95d (webtiles) character file.

93 schets the Skirmisher (level 4, 0/41 HPs)
             Began as a Hill Orc Fighter on Oct 29, 2017.
             Was an Initiate of Ru.
             Succumbed to an adder's poison
             ... on level 2 of the Dungeon.
             The game lasted 00:04:29 (2004 turns).

schets the Skirmisher (Hill Orc Fighter)            Turns: 2004, Time: 00:04:30

Health: 0/41       AC:  8    Str: 18    XL:     4   Next: 62%
Magic:  4/4        EV:  7    Int:  8    God:    Ru [......]
Gold:   118        SH:  9    Dex: 11    Spells: 3/3 levels left

rFire    . . .     SeeInvis .   a - +0 war axe
rCold    . . .     Gourm    .   c - +0 shield
rNeg     . . .     Faith    .   b - +0 scale mail
rPois    .         Spirit   .   (no helmet)
rElec    .         Reflect  .   (no cloak)
rCorr    .         Harm     .   n - +0 pair of gloves
MR       .....                  (no boots)
Stlth    ..........             (no amulet)
Regen    0.2/turn               (no ring)
MPRegen  0.1/turn               (no ring)

@: lethally poisoned (0 -> -3)
A: no striking features
a: Renounce Religion


You were on level 2 of the Dungeon.
You worshipped Ru.
Ru was noncommittal.
You were not hungry.

You visited 1 branch of the dungeon, and saw 3 of its levels.

You collected 118 gold pieces.

Inventory:

Hand Weapons
 a - a +0 war axe (weapon)
Armour
 b - a +0 scale mail (worn)
 c - a +0 shield (worn)
 n - a +0 pair of gloves (worn)
 x - a +0 helmet
Scrolls
 e - 4 scrolls of identify {unknown}
 j - a scroll of recharging {unknown}
 m - a scroll of fear {unknown}
 p - 2 scrolls of noise {unknown}
 r - 2 scrolls of blinking {unknown}
 t - 2 scrolls of enchant weapon {unknown}
 w - a scroll of amnesia {unknown}
Potions
 d - a potion of might
 g - a potion of lignification {unknown}
 i - a potion of berserk rage {unknown}
 o - 2 potions of curing {unknown}
 q - a potion of heal wounds {unknown}
 s - a potion of brilliance {unknown}
 u - a potion of cancellation {unknown}
 v - a potion of haste {unknown}
Comestibles
 f - 2 bread rations
 h - a meat ration
 k - 5 fruits
 l - a royal jelly


   Skills:
 + Level 4.7 Fighting
 + Level 4.0 Axes
 - Level 0.1 Throwing
 + Level 4.1 Armour
 - Level 3.4 Shields


You had 3 spell levels left.
You didn't know any spells.

Dungeon Overview and Level Annotations

Branches:
Dungeon (3/15)

Altars:
Ru
Yredelemnul
The Shining One

Annotations:
D:3 Grinder


Message History

The adder bites you but does no damage.
Your shield and scale mail prevent you from hitting the adder.
You feel sick. You block the adder's attack. The adder bites you.
* * * LOW HITPOINT WARNING * * *
You barely miss the adder. The adder barely misses you. x2
You closely miss the adder.
* * * LOW HITPOINT WARNING * * *
You feel sick. The adder bites you.
* * * LOW HITPOINT WARNING * * *
The adder closely misses you.
You hit the adder.
The adder is moderately wounded.
* * * LOW HITPOINT WARNING * * *
You feel sick. You block the adder's attack. x2
Your shield and scale mail prevent you from hitting the adder.
The adder is moderately wounded.
The adder bites you but does no damage.
You hit the adder.
The adder is severely wounded.
You die...

.......###.###.#.............)...
.................................
...#.#.###.###.#........#####.##.
.#.#.#.............##.### #......
............###.....#..<# #.#.##.
.#.###......# #.....##..# #.#.#..
.#.#........# #.....##..# #.#....
##.#.##.(...# ##+######.###.#.#..
...)...(....# #@##.......#.#.#..
...#.##.....# #S##.###...#......
...+..#.....####.##)......#......
...#.................#....##..###
...#...#..#.###.###..#....##..#
...#........#.............'...#
####...<....#.#.###..#....###+###
#..#####.#.#......#.....#.....
#..............#.######.#.....


You could see an adder.

Vanquished Creatures
  2 adders (D:2)
  An ooze (D:2)
  5 dart slugs
  A leopard gecko (D:2)
  2 orcs (D:3)
  5 bats
  3 giant cockroaches
  8 goblins
  10 hobgoblins
  2 ball pythons (D:1)
  2 frilled lizards (D:2)
  8 kobolds
  8 rats
57 creatures vanquished.

Notes
Turn   | Place    | Note
-------+----------+-------------------------------------------
     0 | D:1      | schets the Hill Orc Fighter began the quest for the Orb.
     0 | D:1      | Reached XP level 1. HP: 19/19 MP: 1/1
    82 | D:1      | Reached XP level 2. HP: 27/27 MP: 2/2
   584 | D:2      | Reached XP level 3. HP: 26/33 MP: 3/3
   933 | D:2      | Reached XP level 4. HP: 35/40 MP: 4/4
  1311 | D:3      | Found a faded altar of an unknown god.
  1438 | D:3      | Became a worshipper of Ru the Awakened
  1647 | D:3      | Found a basalt altar of Yredelemnul.
  1652 | D:3      | Found a glowing golden altar of the Shining One.
  1654 | D:3      | Noticed an angel
  1935 | D:3      | Noticed Grinder
  1940 | D:3      | Paralysed by Grinder for 2 turns
  1945 | D:3      | Paralysed by Grinder for 4 turns
  1951 | D:3      | Paralysed by Grinder for 7 turns
  1964 | D:3      | Paralysed by Grinder for 7 turns
  2001 | D:2      | HP: 1/41 [adder (3)]
  2004 | D:2      | Succumbed to an adder's poison

Skill      XL: |  1  2  3  4 |
---------------+-------------+-----
Axes           | 3 4 |  4.0
Fighting       | 4 |  4.7
Armour         | 4 |  4.1
Throwing       | |  0.1
Shields        | |  3.4

Action                   |  1- 3 |  4- 6 || total
-------------------------+-------+-------++-------
Melee: War axe           |   102 |   109 ||   211
Invok: Reject Sacrifices |       |     1 ||     1
  Eat: Meat ration       |       |     1 ||     1
       Chunk             |       |     1 ||     1
Armor: Scale mail        |    47 |    49 ||    96
Dodge: Dodged            |    23 |    35 ||    58
Block: Shield            |    53 |    46 ||    99
